 Dungeon Crawl Stone Soup version 0.13-a0-2538-gc238810 (webtiles) character file.

71 JacquesDerrida the Stinger (level 3, 21/21 HPs)
             Began as an Octopode Venom Mage on July 28, 2013.
             Quit the game on Level 1 of the Dungeon on July 29, 2013.
             The game lasted 00:02:32 (869 turns).

JacquesDerrida the Stinger (Octopode Venom Mage)     Turns: 869, Time: 00:02:32

HP  21/21        AC  1     Str  7      XL: 3   Next: 16%
MP   6/6         EV 12     Int 18      God:
Gold 42          SH  0     Dex 12      Spells:  1 memorised,  5 levels left

Res.Fire  : . . .   See Invis. : .   g - +4,+1 elf short sword
Res.Cold  : . . .   Warding    : .   (no shield)
Life Prot.: . . .   Conserve   : .   (helmet restricted)
Res.Poison: .       Res.Corr.  : .   (no amulet)
Res.Elec. : .       Clarity    : .   (no ring)
Sust.Abil.: . .     Spirit.Shd : .   (no ring)
Res.Mut.  : .       Stasis     : .   (no ring)
Res.Rott. : .       Flight     : .   (no ring)
Saprovore : . . .                    (no ring)
                                     (no ring)
                                     (no ring)
                                     (no ring)

@: not resistant to hostile enchantments, quite stealthy
A: almost no armour, amphibious, 8 rings, constrict 8, camouflage 1, AC +1
a: no special abilities


You were on level 1 of the Dungeon.
You were not hungry.

You visited 1 branch of the dungeon, and saw 1 of its levels.

You collected 22 gold pieces.

Inventory:

Hand weapons
 g - a +4,+1 elven short sword (weapon)
Comestibles
 c - a bread ration
 d - a meat ration
Scrolls
 a - a scroll of enchant weapon II {unknown}
 e - a scroll of curse armour {unknown}
 f - a scroll of curse jewellery {unknown}
 h - a scroll of remove curse {unknown}
Books
 b - a Young Poisoner's Handbook

   Spells                             Type                      Level
   *Sting                             Conjuration/Poison           1
   Cure Poison                        Poison                       2
   Mephitic Cloud                     Conjuration/Poison/Air       3
   Olgreb's Toxic Radiance            Poison                       4
   Venom Bolt                         Conjuration/Poison           5


   Skills:
 - Level 2.0 Dodging
 - Level 2.6 Stealth
 * Level 2.3 Spellcasting
 + Level 5.1 Poison Magic


You had 5 spell levels left.
You knew the following spells:

 Your Spells              Type           Power        Failure   Level  Hunger
a - Sting                 Conj/Pois      ##..         8%          1    #......


Dungeon Overview and Level Annotations

Branches:
Dungeon (1/27)

Altars:


Innate Abilities, Weirdness & Mutations

You cannot wear most types of armour.
You are amphibious.
You can wear up to eight rings at the same time.
You can use your tentacles to constrict many enemies at once.
Your skin changes colour to match your surroundings (Stlth).
Your rubbery body absorbs attacks (AC +1).


Message History

You can't see any susceptible monsters within range! (Use Z to cast anyway.)
A rat comes into view.
Casting: Sting
Confirm with . or Enter, or press ? or * to list all spells.
Aiming: Sting
Press: ? - help, Shift-Dir - straight line, f - rat
Aim: a rat (hasn't noticed you)
The sting hits the rat.
You kill the rat!
Casting: Sting
Confirm with . or Enter, or press ? or * to list all spells.
You can't see any susceptible monsters within range! (Use Z to cast anyway.)
You see here a goblin corpse.
h - a scroll labeled TRAZIH LOFYVOS Magic restored.
Done exploring.
Saving game... please wait.
Welcome back, JacquesDerrida the Octopode Venom Mage.
Press ? for a list of commands and other information.
Are you sure you want to abandon this character and quit the game? (Confirm with "yes".)

#..# #.# #.# #..# #.##
##.# #..# ##.###.##
#..######...##
#.......##.##
####....##.#
#.....##.# #.....##.#
#.###@##.## #.#
#.##..# #.# #.###.#
#.# #.# #.# #.# #.#
#.# ####### #.# #.#
#.# #.....#
#.###.###.#
####.###.###.##...##.#
#..>.# #........#....#


There were no monsters in sight!

Vanquished Creatures
  A gnoll (D:1)
  2 giant cockroaches (D:1)
  A hobgoblin (D:1)
  4 kobolds (D:1)
  A ball python (D:1)
  4 bats (D:1)
  3 goblins (D:1)
  5 rats (D:1)
21 creatures vanquished.

Notes
Turn   | Place    | Note
--------------------------------------------------------------
     0 | D:1      | JacquesDerrida, the Octopode Venom Mage, began the quest for the Orb.
     0 | D:1      | Reached XP level 1. HP: 11/11 MP: 3/3
   151 | D:1      | JacquesDerrida: Хотя логичнее брать АЕ
   151 | D:1      | JacquesDerrida: Ради всяких репелов и свифтов
   151 | D:1      | JacquesDerrida: В этой книжке только шитсакс
   261 | D:1      | stonewall: Пойду спать, а то башка болит
   269 | D:1      | stonewall: Удачи тебе
   269 | D:1      | JacquesDerrida: Я тоже пойду сейчас
   269 | D:1      | JacquesDerrida: Покедова
   299 | D:1      | Reached skill level 5 in Poison Magic
   299 | D:1      | Reached XP level 2. HP: 17/17 MP: 2/4
   800 | D:1      | Reached XP level 3. HP: 19/21 MP: 2/6
   869 | D:1      | Quit the game

Action                   || total
-------------------------++-------
Melee: Unarmed           ||     5
 Cast: Sting             ||    29
